 Dungeon Crawl Stone Soup version 0.29-a0-506-ga2e7fffb44 (webtiles) character file.

Game seed: 17357545644276274519

271 porpoise the Shooter (level 6, -5/37 HPs)
             Began as a Tengu Hunter on May 28, 2022.
             Slain by a gnoll
             ... wielding a +0 flail
             ... led by a gnoll shaman
              (8 damage)
             ... on level 4 of the Dungeon.
             The game lasted 00:06:28 (3095 turns).

porpoise the Shooter (Tengu Hunter)                 Turns: 3095, Time: 00:06:29

Health: -5/37      AC:  4    Str: 12    XL:     6   Next: 23%
Magic:  7/7        EV: 15    Int: 11    God:
Gold:   199        SH:  0    Dex: 17    Spells: 5/5 levels left

rFire   . . .      SeeInvis .   a - +1 shortbow
rCold   . . .      Faith    .   (shield currently unavailable)
rNeg    . . .      Spirit   .   j - +2 robe {Will+}
rPois   .          Reflect  .   (helmet restricted)
rElec   .          Harm     .   (no cloak)
rCorr   .          Rampage  .   (no gloves)
Will    +....                   (boots unavailable)
Stlth   ++........              (no amulet)
HPRegen 0.12/turn               (no ring)
MPRegen 0.10/turn               (no ring)

@: flying quickly and evasively, quick
A: beak, talons 3, nimble flight
a: no special abilities


You were on level 4 of the Dungeon.
You visited 1 branch of the dungeon, and saw 4 of its levels.

You collected 199 gold pieces.

Inventory:

Hand Weapons
 a - a +1 shortbow (weapon)
 b - a +3 dagger
Missiles
 g - 7 poisoned darts
 t - 6 atropa-tipped darts
Armour
 j - a +2 robe of willpower (worn)
Scrolls
 c - 2 scrolls of immolation
 d - a scroll of brand weapon {unknown}
 k - a scroll of identify {unknown}
 l - a scroll of fog {unknown}
 n - a scroll of blinking {unknown}
 s - a scroll of amnesia {unknown}
 u - a scroll of teleportation {unknown}
Potions
 e - a potion of mutation {unknown}
 f - a potion of haste {unknown}
 h - 2 potions of flight {unknown}
 i - 2 potions of berserk rage {unknown}
 m - a potion of brilliance {unknown}
 o - a potion of cancellation {unknown}
 p - a potion of lignification {unknown}
 q - a potion of magic {unknown}
 r - a potion of curing {unknown}


   Skills:
 + Level 3.4 Fighting
 * Level 6.5 Bows
 - Level 2.1 Dodging
 + Level 3.2 Stealth


You had 5 spell levels left.
You didn't know any spells.
Your spell library contained the following spells:

 Spells                   Type           Power      Damage    Failure   Level
 Foxfire                  Conj/Fire      0%         2x1d4     34%         1
 Conjure Flame            Conj/Fire      0%         6-21      71%         3
 Inner Flame              Hex/Fire       0%         N/A       71%         3
 Flame Wave               Conj/Fire      0%         2d4       98%         4


Dungeon Overview and Level Annotations

Branches:
Dungeon (4/15)
 Temple: D:4-7

Altars:
Qazlal
Ru


Innate Abilities, Weirdness & Mutations

You have a beak for a mouth.
You have claws for feet.
Your magical nature lets you fly swiftly and evasively.


Message History

The arrow hits the gnoll but does no damage.
The gnoll closely misses you. x2
The gnoll hits you from afar with a +0 spear.
The gnoll hits you with a +0 flail.
You shoot an arrow. The arrow barely misses the gnoll. x2
The arrow barely misses the iguana.
The arrow hits the gnoll.
The gnoll is moderately wounded.
The gnoll misses you.
The gnoll hits you from afar with a +0 spear.
You shoot an arrow. The arrow hits the gnoll!
The gnoll is severely wounded.
The gnoll hits you with a +0 flail. The gnoll barely misses you.
You are too injured to fight recklessly!
You are too injured to fight recklessly!
Shoot: a) +1 shortbow
Press: ? - help, Q - select action, (/) - cycle Shift-Dir - straight line, f/p - gnoll
Aim: a gnoll, wielding a +0 flail and wearing a +0 scale mail (severely wounded, 72% to hit)
You shoot an arrow.
The arrow hits the gnoll but does no damage.
The gnoll is severely wounded.
The gnoll hits you with a +0 flail.
* * * LOW HITPOINT WARNING * * *
The gnoll barely misses you.
Shoot: a) +1 shortbow
Press: ? - help, Q - select action, (/) - cycle Shift-Dir - straight line, f/p - gnoll
Aim: a gnoll, wielding a +0 flail and wearing a +0 scale mail (severely wounded, 72% to hit)
You shoot an arrow. The arrow barely misses the gnoll.
The arrow hits the gnoll.
The gnoll is lightly wounded.
The gnoll hits you with a +0 flail!
* * * LOW HITPOINT WARNING * * *
The gnoll barely misses you.
Shoot: a) +1 shortbow
Press: ? - help, Q - select action, (/) - cycle Shift-Dir - straight line, f/p - gnoll
Aim: a gnoll, wielding a +0 flail and wearing a +0 scale mail (severely wounded, 72% to hit)
You shoot an arrow.
The arrow hits the gnoll but does no damage.
The gnoll is severely wounded.
The gnoll hits you with a +0 flail!
You die...

#.#.############
#.#.# #.#.#
#.#.# #.#.#
#####.#.#
#.....#..
##.###########.#
#...@g)glg.)...#
########g#.#...#
#'#.# ... ....#
. .....# +......
#.......
#........


You could see an iguana, 3 gnolls and a goblin.

Vanquished Creatures
  A black bear (D:4)
  A gnoll shaman (D:4)
  4 gnolls
  2 adders (D:2)
  A worm (D:3)
  4 dart slugs
  3 orcs
  10 bats
  5 endoplasms
  3 giant cockroaches
  8 hobgoblins
  11 kobolds
  A quokka (D:4)
  3 ball pythons
  4 frilled lizards
  7 goblins
  9 rats
77 creatures vanquished.

Notes
Turn   | Place    | Note
-------+----------+-------------------------------------------
     0 | D:1      | porpoise the Tengu Hunter began the quest for the Orb.
     0 | D:1      | Reached XP level 1. HP: 12/12 MP: 2/2
   329 | D:1      | Reached XP level 2. HP: 17/17 MP: 3/3
   386 | D:1      | Found a faded altar of an unknown god.
   772 | D:1      | Reached XP level 3. HP: 22/22 MP: 4/4
   774 | D:1      | Reached skill level 5 in Bows
  1402 | D:2      | Reached XP level 4. HP: 27/27 MP: 5/5
  2158 | D:3      | Found a sacrificial altar of Ru.
  2158 | D:3      | Found a stormy altar of Qazlal.
  2313 | D:3      | You fall into a shaft and drop 1 floor!
  2454 | D:3      | Gained mutation: Your magical nature lets you fly swiftly
                  | and evasively. [Tengu growth]
  2454 | D:3      | Reached XP level 5. HP: 22/32 MP: 6/6
  2840 | D:4      | Noticed a black bear
  2848 | D:4      | Killed a black bear
  2849 | D:4      | Reached skill level 6 in Bows
  2849 | D:4      | Reached XP level 6. HP: 36/37 MP: 7/7
  3095 | D:4      | Slain by a gnoll

Illustrated notes

Levels and vault maps discovered:
D:1:      wander_arrival_desolate, layout_loops_corners,
          shapermc_ecumenical_altar_venn
D:2:      layout_basic, small_statue_intersection
D:3:      layout_loops_ring, jmf_multi_god_temple
D:4:      layout_basic

Skill      XL: |  1  2  3  4  5 |
---------------+----------------+-----
Bows           | 5 6 |  6.5
Stealth        | 2 3 |  3.2
Fighting       | 3 |  3.4
Dodging        | |  2.1

Action                   |  1- 3 |  4- 6 || total
-------------------------+-------+-------++-------
 Fire: Shortbow          |    87 |   114 ||   201
Armor: Leather armour    |     4 |       ||     4
       Robe              |     4 |    16 ||    20
Dodge: Dodged            |    10 |    36 ||    46

Table legend: (Time is in decaauts)
 A = Elapsed time spent in this place.
 B = Non-inter-level travel time spent in this place.
 C = Inter-level travel time spent in this place.
 D = Time resting spent in this place.
 E = Time spent auto-exploring this place.
 F = Levels seen in this place.
 G = Mean time per level.
                   A        B        C        D        E       F      G
               +--------+--------+--------+--------+--------+-----+--------+
         Total |   3103 |   3010 |     93 |    378 |   2160 |   4 |  775.8 |
       Dungeon |   3103 |   3010 |     93 |    378 |   2160 |   4 |  775.8 |
               +--------+--------+--------+--------+--------+-----+--------+

Top non-repeatable levels by time:
     D:1: 1162 daAuts
     D:2: 850 daAuts
     D:3: 829 daAuts
     D:4: 261 daAuts
